 Dungeon Crawl Stone Soup version 0.21.1-1-g345015f (webtiles) character file.

6167 twistedcrescendo the Fighter (level 10, -9/104 HPs)
             Began as a Minotaur Berserker on June 19, 2018.
             Was a High Priest of Trog.
             Shot with an arrow by a centaur warrior (15 damage)
             ... on level 9 of the Dungeon.
             The game lasted 00:39:21 (6403 turns).

twistedcrescendo the Fighter (Minotaur Berserker)   Turns: 6403, Time: 00:39:22

Health: -9/104     AC: 14    Str: 22    XL:     10   Next: 60%
Magic:  18/18      EV:  6    Int:  4    God:    Trog [*****.]
Gold:   453        SH:  3    Dex: 13    Spells: 9/9 levels left

rFire    + . .     SeeInvis .   a - +1 mace
rCold    . . .     Gourm    .   x - +0 buckler
rNeg     . . .     Faith    .   y - +0 plate armour
rPois    .         Spirit   .   (helmet restricted)
rElec    .         Reflect  .   (no cloak)
rCorr    .         Harm     .   h - +1 pair of gloves
MR       .....                  v - +0 pair of boots
Stlth    ..........             n - amulet of regeneration
HPRegen  0.67/turn              p - ring of protection from fire
MPRegen  0.16/turn              u - ring of magical power

@: very slightly contaminated, invisible
A: retaliatory headbutt, horns 2
a: Berserk, Trog's Hand, Brothers in Arms, Burn Spellbooks, Renounce Religion


You were on level 9 of the Dungeon.
You worshipped Trog.
Trog was extremely pleased with you.
You were not hungry.

You visited 1 branch of the dungeon, and saw 9 of its levels.

You collected 453 gold pieces.

Inventory:

Hand Weapons
 a - a +1 mace (weapon)
 F - a +0 flail of draining
Armour
 h - a +1 pair of gloves (worn)
 r - a +0 robe of magic resistance
 t - a +0 chain mail
 v - a +0 pair of boots (worn)
 x - a +0 buckler (worn)
 y - a +0 plate armour (worn)
Jewellery
 n - an amulet of regeneration (around neck)
 p - a ring of protection from fire (left hand)
 u - a ring of magical power (right hand)
Wands
 C - a wand of acid (13)
 D - a wand of disintegration (19)
Scrolls
 d - a scroll of magic mapping
 f - 2 scrolls of teleportation
 l - a scroll of fear
 m - a scroll of enchant weapon
 o - a scroll of immolation
 q - 2 scrolls of remove curse
 B - 2 scrolls of identify
Potions
 b - 2 potions of might
 e - 3 potions of brilliance
 i - a potion of resistance
 s - a potion of flight
 w - 2 potions of mutation
 z - 5 potions of curing
 A - a potion of lignification {unknown}
 E - a potion of heal wounds {unknown}
 G - a potion of berserk rage {unknown}
 I - a potion of degeneration {unknown}
Books
 k - a book of Maledictions

   Spells                             Type                      Level
   a - Corona                         Hexes                        1
   b - Ensorcelled Hibernation        Hexes/Ice                    2
   c - Confuse                        Hexes                        3
   d - Tukima's Dance                 Hexes                        3
   e - Dazzling Spray                 Conjuration/Hexes            3
   Trog disapproves of the use of such an item.
Comestibles
 c - 14 rations
 g - 10 chunks of flesh


   Skills:
 + Level 14.8 Fighting
 - Level 12.0 Maces & Flails
 - Level 2.4 Armour
 - Level 2.1 Dodging


You had 9 spell levels left.
You didn't know any spells.

Dungeon Overview and Level Annotations

Branches:
Dungeon (9/15)             Temple (0/1) D:6
   Lair: D:8-11         Orc: D:9-12

Altars:
Ashenzari
Xom


Innate Abilities, Weirdness & Mutations

You reflexively headbutt those who attack you in melee.
You have a pair of horns on your head.


Message History

You see here an arrow.
Blink to where?
Press: ? - help, Dir - move target cursor
As you read the scroll of blinking, it crumbles to dust.
Eating one of 11 chunks of flesh.
You eat one of the 11 chunks of flesh.
This raw flesh tastes terrible.
You see here a hound skeleton.
You fade into invisibility!
The centaur warrior shoots an arrow.
The arrow barely misses you.
You see here a flail.
The centaur warrior shoots an arrow.
The centaur warrior shoots an arrow.
You block the arrow.
You see here an arrow.
You see here a tomahawk.
The centaur warrior shoots an arrow.
The arrow hits you!
* * * LOW HITPOINT WARNING * * *
Things that are here:
an arrow; a tomahawk The centaur warrior shoots an arrow.
The arrow hits you!
You die...

..#...?.D#.#...($#.#..#
....Y.o..c......$#.รท..#
......#.s#)#...$.#.#c.#
##...###.#.##$$.##.#).#
##...#..#.(#####..#..#
#..Dc.###.c...c.##((#
####################c.#
..))..).........)..(..#
..)##<)....##...@####.#.
##.#####.####.#.........
#........###...#########
#.........#.####
#.#####.##.## #.# #.####
..# #.# ### #.# ..#


You could see a centaur warrior.

Vanquished Creatures
  2 two-headed ogres (D:8)
  The ghost of Thian the Firebug, a novice DrFE (D:4)
  5 hippogriffs
  2 yaks (D:9)
  An acid dragon (D:9)
  3 orc warriors
  A hornet zombie (D:7)
  An ice beast (D:8)
  A sky beast (D:6)
  2 phantoms (D:8)
  5 ogres
  A centaur (D:7)
  3 bullfrogs
  2 scorpions
  5 killer bees (D:7)
  A bullfrog zombie (D:8)
  2 howler monkeys (D:9)
  A crimson imp (D:4)
  8 hounds
  2 bullfrog skeletons
  An orc priest (D:6)
  A centaur skeleton (D:8)
  10 orc wizards
  2 jellies
  3 iguanas (D:7)
  9 worker ants
  A hound zombie (D:8)
  2 hound skeletons
  4 gnolls
  8 adders
  2 shadow imps
  An adder skeleton (D:5)
  3 worms
  A dart slug (D:1)
  4 leopard geckos
  35 orcs
  4 ball pythons
  11 bats
  5 giant cockroaches
  11 goblins
  9 hobgoblins
  20 jackals
  A quokka (D:9)
  8 frilled lizards
  A jackal zombie (D:5)
  11 kobolds
  10 rats
227 creatures vanquished.

Vanquished Creatures (collateral kills)
  A gnoll sergeant (D:9)
  4 gnolls (D:9)
5 creatures vanquished.

Vanquished Creatures (others)
  A sky beast (D:7)
1 creature vanquished.

Grand Total: 233 creatures vanquished

Notes
Turn   | Place    | Note
-------+----------+-------------------------------------------
     0 | D:1      | twistedcrescendo the Minotaur Berserker began the quest for the Orb.
     0 | D:1      | Reached XP level 1. HP: 19/19 MP: 0/0
   123 | D:1      | Reached skill level 4 in Fighting
   126 | D:1      | Reached XP level 2. HP: 26/27 MP: 1/1
   233 | D:1      | Reached ** piety under Trog
   592 | D:1      | Reached XP level 3. HP: 34/34 MP: 2/2
   803 | D:2      | Noticed an ogre
   807 | D:2      | Killed an ogre
   807 | D:2      | Reached skill level 5 in Fighting
   807 | D:2      | Reached skill level 5 in Maces & Flails
   807 | D:2      | Reached XP level 4. HP: 41/42 MP: 3/3
   807 | D:2      | Reached XP level 5. HP: 48/49 MP: 4/4
  1193 | D:2      | Reached skill level 6 in Fighting
  1404 | D:2      | Reached *** piety under Trog
  1929 | D:3      | Reached XP level 6. HP: 57/57 MP: 5/5
  2296 | D:4      | Noticed Thian's ghost (novice DrFE)
  2305 | D:4      | Killed Thian's ghost
  2305 | D:4      | Reached skill level 7 in Fighting
  2305 | D:4      | Reached XP level 7. HP: 67/67 MP: 6/6
  2634 | D:4      | Reached skill level 8 in Fighting
  2687 | D:4      | Reached **** piety under Trog
  2847 | D:5      | Entered Level 5 of the Dungeon
  2853 | D:5      | Found the +18 shield of the Gong {rElec rN+ MR+ EV-5}
  3023 | D:5      | Noticed a hippogriff
  3031 | D:5      | Killed a hippogriff
  3031 | D:5      | Reached XP level 8. HP: 55/75 MP: 7/7
  3163 | D:5      | Reached skill level 9 in Fighting
  4024 | D:6      | Found a staircase to the Ecumenical Temple.
  4061 | D:6      | Found a shimmering altar of Xom.
  4075 | D:6      | Reached skill level 10 in Fighting
  4075 | D:6      | Reached skill level 10 in Maces & Flails
  4229 | D:6      | Found a shattered altar of Ashenzari.
  4552 | D:7      | Noticed a hippogriff
  4553 | D:7      | You fall through a shaft!
  4564 | D:8      | Reached XP level 9. HP: 69/86 MP: 8/8
  4716 | D:7      | Reached ***** piety under Trog
  4718 | D:7      | Reached skill level 11 in Fighting
  5426 | D:8      | Reached skill level 12 in Fighting
  5458 | D:8      | Noticed a two-headed ogre
  5465 | D:8      | Killed a two-headed ogre
  5465 | D:8      | Reached XP level 10. HP: 100/100 MP: 9/9
  5466 | D:8      | Noticed a two-headed ogre
  5600 | D:8      | Killed a two-headed ogre
  5600 | D:8      | Reached skill level 13 in Fighting
  6235 | D:9      | Reached skill level 14 in Fighting
  6325 | D:9      | Noticed a fire dragon
  6368 | D:9      | Noticed a centaur warrior
  6388 | D:9      | HP: 2/104 [centaur warrior/arrow (12)]
  6400 | D:9      | HP: 4/104 [centaur warrior/arrow (7)]
  6403 | D:9      | Shot with an arrow by a centaur warrior

Skill      XL: |  1  2  3  4  5  6  7  8  9 10 |
---------------+-------------------------------+-----
Fighting       | 4 5 6 7 8 10 12 14 | 14.8
Maces & Flails | 4 5 6 7 8 10 12 | 12.0
Armour         | |  2.4
Dodging        | |  2.1

Action                   |  1- 3 |  4- 6 |  7- 9 | 10-12 || total
-------------------------+-------+-------+-------+-------++-------
Melee: Mace              |    54 |   159 |   336 |   116 ||   665
       Headbutt          |     9 |    23 |    80 |    31 ||   143
Invok: Berserk           |       |     2 |     2 |     3 ||     7
       Trog's Hand       |       |     1 |       |     2 ||     3
       Brothers in Arms  |       |       |       |     1 ||     1
  Use: Scroll            |       |     6 |    12 |     3 ||    21
       Potion            |       |       |     1 |     2 ||     3
 Stab: Sleeping          |       |     1 |       |       ||     1
  Eat: Chunk             |       |     6 |    12 |     8 ||    26
Armor: Animal skin       |    15 |     6 |       |       ||    21
       Chain mail        |       |    89 |    73 |       ||   162
       Plate armour      |       |       |    94 |    74 ||   168
Dodge: Dodged            |    49 |    79 |   108 |    34 ||   270
Block: Buckler           |       |       |    31 |    18 ||    49
